Map: 자가나타 - 래더

Players

Zoun - Winner!

  • Race: Protoss Protoss
  • Spawn Location: 7:00

Vanya

  • Race: Zerg Zerg
  • Spawn Location: 1:00

Event: StayAtHome Story Cup #3

VOD

Have the link to the VOD?

Description

Time

  • Played on: March 11, 2021, 8:12 a.m.
  • Length: 10:32

All games in this series

Show
View Real Time Build Order
Export as new Build Order

Zoun Protoss - Winner!

Build Orders: 1 Gate Expand, Mass Adepts 

Get SALT Encoding   

  12  0:00  Probe  
  13  0:12  Probe  
  14  0:20  Pylon  
  14  0:24  Probe  
  15  0:38  Probe (Chrono Boost)  
  15  0:39  Gateway  
  16  0:47  Probe (Chrono Boost)  
  16  0:49  Assimilator  
  17  0:52  Probe  
  18  1:04  Probe  
  19  1:16  Probe  
  20  1:27  Nexus  
  20  1:37  Cybernetics Core  
  20  1:40  Probe  
  20  1:45  Assimilator  
  21  1:52  Probe  
  22  1:55  Pylon  
  22  2:04  Probe  
  23  2:11  Adept (Chrono Boost)  
  23  2:14  Warp Gate  
  25  2:16  Probe  
  26  2:29  Probe (Chrono Boost)  
  27  2:31  Twilight Council, Stalker (Chrono Boost)  
  29  2:39  Probe (Chrono Boost)  
  31  2:46  Probe (Chrono Boost)  
  31  2:49  Probe (Chrono Boost)  
  32  2:53  Probe (Chrono Boost)  
  32  2:55  Probe  
  32  2:56  Robotics Facility  
  34  3:05  Probe, Resonating Glaives (Chrono Boost)  
  35  3:08  Probe  
  36  3:17  Probe  
  36  3:18  Adept  
  37  3:20  Probe  
  37  3:22  Gateway  
  38  3:32  Gateway  
  38  3:35  Gateway  
  38  3:40  Warp Prism (Chrono Boost)  
  40  3:49  Pylon  
  40  3:53  Probe x2  
  42  4:04  Gateway, Adept  
  42  4:05  Gateway  
  42  4:09  Observer  
  45  4:17  Pylon  
  45  4:21  Probe x2  
  47  4:25  Dark Shrine  
  47  4:31  Adept x3  
  47  4:35  Pylon, Adept  
  55  4:39  Probe x2  
  55  4:41  Assimilator  
  57  4:46  Pylon  
  57  4:57  Adept x4  
  57  4:59  Probe x2  
  67  5:01  Observer  
  67  5:04  Adept  
  67  5:06  Adept  
  71  5:18  Pylon, Adept  
  71  5:19  Adept x2  
  77  5:27  Pylon  
  77  5:38  Probe  
  74  5:44  Dark Templar x2  
  74  5:49  Adept x2  
  68  5:56  Probe  
  65  6:05  Adept x2  
  65  6:11  Adept x2  
  57  6:14  Probe x2  
  57  6:16  Assimilator, Adept x2  
  63  6:27  Gateway  
  63  6:28  Gateway  
  63  6:33  Immortal  
  63  6:34  Probe  
  68  6:43  Probe  
  63  6:56  Adept  
  63  6:57  Shield Battery, Adept x4  
  63  6:58  Adept  
  75  7:06  Probe x2  
  77  7:12  Immortal (Chrono Boost)  
  81  7:17  Adept x2  
  81  7:18  Adept  
  81  7:21  Observer  
  85  7:31  Probe  
  80  7:41  Nexus  
  76  7:44  Pylon, Sentry x2  
  76  7:46  Probe x2  
  76  7:47  Immortal (Chrono Boost)  
  76  7:48  Sentry, Adept  
  76  7:49  Adept  
  92  7:57  Adept  
  94  7:59  Blink  
  94  8:02  Probe x2  
  94  8:04  Shield Battery  
  96  8:11  Stalker x2  
  100  8:17  Adept  
  100  8:19  Pylon  
  102  8:25  Pylon  
  102  8:27  Observer  
  102  8:28  Shield Battery  
  102  8:39  Adept  
  102  8:41  Sentry x2, Adept  
  105  8:42  Adept  
  105  8:44  Stalker  
  105  8:47  Adept  
  103  9:05  Stalker x4  
  103  9:09  Observer  
  96  9:26  Adept x2  
  96  9:28  Stalker x2  
  100  9:37  Adept x4  
  108  9:42  Shield Battery  
  102  9:48  Stalker x2  
  102  9:50  Immortal (Chrono Boost)  
  96  9:53  Stalker  
  93  10:00  Stalker  
  93  10:02  Shield Battery  
  93  10:04  Adept x3  
  95  10:14  Stalker x2  
  95  10:17  Zealot x2  
  87  10:29  Shield Battery  
  87  10:30  Stalker x3  
Show
View Real Time Build Order
Export as new Build Order

Vanya Zerg 

Build Orders: Hatch First 

Get SALT Encoding   

  12  0:00  Drone  
  13  0:12  Overlord  
  13  0:17  Drone  
  14  0:30  Drone  
  14  0:31  Drone  
  16  0:50  Hatchery  
  16  0:52  Drone  
  16  0:55  Drone  
  17  0:58  Drone  
  18  1:09  Extractor  
  17  1:14  Spawning Pool  
  17  1:17  Drone  
  17  1:20  Drone  
  18  1:29  Drone  
  19  1:39  Drone  
  20  1:54  Overlord  
  20  2:01  Queen  
  20  2:02  Queen, Zergling x4  
  26  2:12  Drone  
  26  2:13  Metabolic Boost  
  26  2:15  Drone  
  28  2:22  Drone  
  29  2:24  Drone  
  30  2:40  Hatchery  
  30  2:41  Drone  
  30  2:49  Queen  
  32  2:55  Overlord  
  32  2:57  Drone  
  33  2:59  Drone  
  33  3:06  Drone  
  33  3:08  Drone  
  33  3:10  Drone, Spore Crawler  
  35  3:18  Drone x4  
  39  3:29  Drone, Roach Warren  
  39  3:30  Extractor  
  39  3:33  Drone  
  39  3:34  Drone  
  40  3:41  Overlord  
  40  3:43  Drone  
  40  3:47  Drone  
  42  3:51  Overlord  
  42  3:52  Drone  
  42  3:54  Drone x3  
  46  3:59  Drone x2  
  46  4:01  Overlord  
  48  4:09  Roach x3  
  54  4:14  Zergling x4  
  56  4:19  Zergling x8  
  56  4:23  Spore Crawler  
  59  4:24  Spore Crawler  
  59  4:28  Zergling x6  
  59  4:30  Ravager x3  
  64  4:34  Zergling x4  
  64  4:38  Zergling x6  
  69  4:42  Overlord  
  69  4:46  Overlord  
  69  4:51  Drone, Spore Crawler  
  68  4:55  Drone x2  
  68  4:57  Zergling x8  
  74  5:07  Zergling x2  
  74  5:08  Zergling x10  
  74  5:09  Drone  
  74  5:12  Drone  
  82  5:16  Drone  
  82  5:19  Drone  
  82  5:20  Drone  
  85  5:23  Drone  
  85  5:26  Lair  
  86  5:29  Extractor  
  85  5:42  Zergling x22  
  80  5:48  Zergling x2  
  75  5:55  Zergling x4  
  69  6:05  Zergling x16  
  69  6:09  Drone  
  66  6:15  Drone x2  
  68  6:21  Drone  
  68  6:23  Drone  
  68  6:25  Glial Reconstitution  
  70  6:29  Overseer  
  70  6:33  Drone x2  
  70  6:41  Drone x3  
  71  6:47  Drone x4  
  71  6:52  Roach x5  
  81  6:55  Extractor  
  81  6:57  Extractor, Overlord  
  81  6:59  Roach  
  81  7:00  Roach  
  84  7:04  Overlord  
  84  7:05  Roach x2  
  88  7:14  Overlord  
  88  7:17  Roach x4  
  88  7:22  Overlord  
  96  7:28  Roach x3  
  98  7:31  Drone  
  98  7:33  Drone x3  
  98  7:37  Drone x2  
  95  7:40  Overseer  
  95  7:43  Drone x2  
  96  7:45  Drone  
  96  7:47  Drone  
  96  7:49  Drone  
  99  7:56  Drone x3  
  102  8:05  Roach x3  
  108  8:10  Ravager  
  108  8:11  Ravager x4  
  113  8:15  Overlord  
  113  8:17  Zergling x8  
  117  8:21  Ravager x3  
  117  8:25  Roach  
  122  8:27  Overlord x2  
  121  8:39  Overlord  
  120  8:43  Roach x5  
  120  8:45  Overlord  
  120  8:48  Ravager  
  130  8:52  Zergling x14  
  129  9:03  Zergling x2  
  129  9:04  Zergling x12  
  129  9:07  Ravager x3  
  112  9:24  Zergling x20  
  112  9:30  Zergling x4  
  118  9:38  Zergling x6  
  117  9:50  Roach x9  
  120  9:53  Overseer  
  113  10:02  Zergling x12  
  119  10:08  Zergling x2  
Tags
 
Add a new tag
Caveats
  • Supply blocks, unpowered buildings, or Contaminate may cause inaccurate times.
  • Supply counts are checked every 10 seconds.